 Dungeon Crawl Stone Soup version 0.29-a0-82-g837932c90e (webtiles) character file.

Game seed: 2437769316191648782

32 siradein the Ducker (level 3, 0/27 HPs)
             Began as a Vampire Gladiator on Feb 4, 2022.
             Slain by an adder (2 damage)
             ... on level 1 of the Dungeon.
             The game lasted 00:02:26 (758 turns).

siradein the Ducker (Vampire Gladiator)              Turns: 758, Time: 00:02:27

Health: 0/27       AC:  4    Str: 13    XL:     3   Next: 8%
Magic:  3/3        EV: 13    Int: 10    God:
Gold:   36         SH:  0    Dex: 17    Spells: 2/2 levels left

rFire   . . .      SeeInvis +   a - +0 long sword
rCold   . . .      Faith    .   (no shield)
rNeg    . . .      Spirit   .   b - +0 leather armour
rPois   .          Reflect  .   c - +0 helmet
rElec   .          Harm     .   (no cloak)
rCorr   .          Rampage  .   (no gloves)
Will    .....                   (no boots)
Stlth   +.........              (no amulet)
HPRegen 0.29/turn               (no ring)
MPRegen 0.08/turn               (no ring)

@: healing quickly
A: alive, fangs 3, see invisible, vampiric 2
a: Exsanguinate


You were on level 1 of the Dungeon.
You visited 1 branch of the dungeon, and saw 2 of its levels.

You collected 36 gold pieces.

Inventory:

Hand Weapons
 a - a +0 long sword (weapon)
Missiles
 d - 3 throwing nets
 e - 6 poisoned darts (quivered)
Armour
 b - a +0 leather armour (worn)
 c - a +0 helmet (worn)
Scrolls
 f - a scroll of fog {unknown}
 g - a scroll of enchant weapon {unknown}


   Skills:
 + Level 2.2 Fighting
 + Level 3.4 Long Blades
 + Level 1.7 Throwing
 + Level 3.8 Dodging


You had 2 spell levels left.
You didn't know any spells.
Your spell library was empty.

Dungeon Overview and Level Annotations

Branches:
Dungeon (2/15)

Altars:


Innate Abilities, Weirdness & Mutations

Your natural rate of healing is accelerated.
You have razor-sharp teeth.
You have supernaturally acute eyesight. (SInv)
You are afflicted with vampirism and can become a bat while bloodless.


Message History

You feel sick.
You are no longer poisoned.
The adder barely misses you. The adder closely misses you.
The adder barely misses you. The adder barely misses you. The adder bites you.
You are poisoned.
The adder poisons you!
You feel sick.
You feel sick. The adder bites you.
You are more poisoned.
The adder poisons you!
You feel sick.
You feel sick.
You feel sick. The adder barely misses you.
You feel sick. The adder barely misses you. The ball python barely misses you.
The ball python grabs you. The ball python constricts you.
* * * LOW HITPOINT WARNING * * *
You escape the ball python's grasp.
You feel sick. The adder barely misses you.
You feel sick.
You feel sick.
There is a stone staircase leading up here.
You feel sick. The adder misses you.
You climb upwards.
You feel sick.
You are no longer poisoned.
There is a stone staircase leading down here.
You closely miss the adder. The adder bites you but does no damage.
The adder closely misses you.
You aren't carrying any potions.
You hit the adder.
The adder is heavily wounded.
The adder barely misses you.
You hit the adder.
The adder is almost dead.
The adder closely misses you. The adder bites you.
* * * LOW HITPOINT WARNING * * *
You barely miss the adder. Your bite misses the adder.
The adder is almost dead.
The adder bites you.
You die...

#########.###.##.##########
#.# #.#...######## #.#
#............#
#.#####...######.#
#........## #.# #.########
#.# #.# #.# ######.#######
#.# #......@S....########.##
#.####.##......#........
######.###...#.##.#..........
#..........#...##.###.####..#
#.####.###...####.# #.# #..#
#.# #.####.#####.###.####..#
#####.#
#.##...##......^.......#
......#
#.##.#.##.##...........#
#######
#.##.#†##.######.#######


You could see an adder.

Vanquished Creatures
  2 dart slugs
  3 giant cockroaches
  2 goblins (D:1)
  A hobgoblin (D:1)
  3 kobolds
  2 quokkas (D:1)
  6 ball pythons
  2 bats (D:1)
  5 frilled lizards (D:1)
  3 rats (D:1)
29 creatures vanquished.

Notes
Turn   | Place    | Note
-------+----------+-------------------------------------------
     0 | D:1      | siradein the Vampire Gladiator began the quest for the Orb.
     0 | D:1      | Reached XP level 1. HP: 16/16 MP: 1/1
   146 | D:1      | Reached XP level 2. HP: 22/22 MP: 2/2
   622 | D:2      | Found a faded altar of an unknown god.
   626 | D:2      | Gained mutation: You are afflicted with vampirism and can
                  | become a bat while bloodless. [Vampire growth]
   626 | D:2      | Reached XP level 3. HP: 22/27 MP: 3/3
   758 | D:1      | Slain by an adder

Illustrated notes

Levels and vault maps discovered:
D:1:      tarquinn_simple_flora_water_f, layout_loops_ring,
          corexii_leaking_fountain
D:2:      layout_basic, hellmonk_ecumenical_altar_arch_garden, serial_shops,
          nicolae_shop_waterfront, minmay_worlds_worst_comb

Skill      XL: |  1 |
---------------+----+-----
Fighting       | 2 |  2.2
Long Blades    | |  3.4
Throwing       | |  1.7
Dodging        | |  3.8

Action                   || total
-------------------------++-------
Melee: Long sword        ||    72
       Bite              ||     7
 Stab: Sleeping          ||     1
Armor: Leather armour    ||    20
Dodge: Dodged            ||    65

Table legend: (Time is in decaauts)
 A = Elapsed time spent in this place.
 B = Non-inter-level travel time spent in this place.
 C = Inter-level travel time spent in this place.
 D = Time resting spent in this place.
 E = Time spent auto-exploring this place.
 F = Levels seen in this place.
 G = Mean time per level.
                   A        B        C        D        E       F      G
               +--------+--------+--------+--------+--------+-----+--------+
         Total |    774 |    751 |     23 |      0 |    540 |   2 |  387.0 |
       Dungeon |    774 |    751 |     23 |      0 |    540 |   2 |  387.0 |
               +--------+--------+--------+--------+--------+-----+--------+

Top non-repeatable levels by time:
     D:1: 635 daAuts
     D:2: 139 daAuts
